 Dungeon Crawl Stone Soup version 0.29-a0-317-gd16b76e6b1 (webtiles) character file.

Game seed: 12963894043916215663

90 HotDog the Covered (level 4, -2/29 HPs)
             Began as a Gargoyle Fighter on Mar 30, 2022.
             Killed from afar by Natasha (10 damage)
             ... with a puff of flame
             ... on level 3 of the Dungeon.
             The game lasted 00:02:15 (3034 turns).

HotDog the Covered (Gargoyle Fighter)               Turns: 3034, Time: 00:02:16

Health: -2/29      AC: 13    Str: 21    XL:     4   Next: 56%
Magic:  4/4        EV:  7    Int:  9    God:
Gold:   112        SH:  4    Dex:  9    Spells: 3/3 levels left

rFire   . . .      SeeInvis .   a - +0 flail
rCold   . . .      Faith    .   c - +0 buckler
rNeg    + . .      Spirit   .   k - +0 chain mail
rPois   ∞          Reflect  .   (no helmet)
rElec   +          Harm     .   (no cloak)
rCorr   +          Rampage  .   (no gloves)
Will    .....                   (no boots)
Stlth   ..........              (no amulet)
HPRegen 0.09/turn               j - ring of resist corrosion
MPRegen 0.09/turn               (no ring)

@: no status effects
A: sickness immunity, AC +3, negative energy resistance 1, electricity
resistance, torment resistance 1, petrification resistance
a: no special abilities


You were on level 3 of the Dungeon.
You visited 1 branch of the dungeon, and saw 3 of its levels.

You collected 112 gold pieces.

Inventory:

Hand Weapons
 a - a +0 flail (weapon)
Missiles
 i - a throwing net (quivered)
Armour
 c - a +0 buckler (worn)
 k - a +0 chain mail (worn)
Jewellery
 j - a ring of resist corrosion (left hand)
Scrolls
 b - 2 scrolls of noise
 e - a scroll of enchant weapon {unknown}
 l - a scroll of enchant armour {unknown}
Potions
 d - 2 potions of might
 f - a potion of curing
 g - a potion of attraction
 h - 2 potions of berserk rage {unknown}


   Skills:
 * Level 3.6 Fighting
 * Level 2.8 Maces & Flails
 * Level 4.0 Armour
 * Level 0.9 Dodging
 * Level 3.7 Shields
 * Level 1.2 Invocations


You had 3 spell levels left.
You didn't know any spells.
Your spell library contained the following spells:

 Spells                   Type           Power      Damage    Failure   Level
 Ensorcelled Hibernation  Hex/Ice        0%         N/A       100%        2
 Passwall                 Tmut/Erth      0%         N/A       100%        2
 Swiftness                Air            0%         N/A       100%        3


Dungeon Overview and Level Annotations

Branches:
Dungeon (3/15)

Altars:

Annotations:
D:2 Sigmund
D:3 Natasha


Innate Abilities, Weirdness & Mutations

You are immune to sickness and miasma.
Your stone body is resilient. (AC +3)
You are immune to poison.
You resist negative energy. (rN+)
You are resistant to electric shocks. (rElec)
You are resistant to unholy torment.
You are immune to petrification.


Message History

You see here a frilled lizard corpse.
You start resting.
You feel yourself speed up.
You start resting.
HP restored.
You start waiting.
l - a scroll labelled FAHEWA AGHI You start waiting.
Natasha, Servant of Life and Death comes into view.
She is carrying a wand of flame (14).
Natasha hisses angrily.
Natasha zaps a wand.
The puff of flame hits you.
Natasha zaps a wand.
The puff of flame hits you!
Natasha casts a spell.
You hit Natasha but do no damage.
Natasha zaps a wand.
The puff of flame misses you. You block the crimson imp's attack.
You barely miss Natasha. Natasha claws you.
The crimson imp hits you but does no damage.
You closely miss Natasha. Natasha claws you but does no damage.
The crimson imp barely misses you.
You sock Natasha!
Natasha is heavily wounded.
Natasha zaps a wand.
The puff of flame hits you but does no damage.
The crimson imp hits you. Natasha claws you. The crimson imp hits you.
You barely miss Natasha.
Natasha is heavily wounded.
Natasha barely misses you. The crimson imp closely misses you.
You closely miss Natasha.
Natasha is heavily wounded.
Natasha claws you but does no damage.
The crimson imp hits you but does no damage.
You hit Natasha.
Natasha is severely wounded.
You block Natasha's attack. The crimson imp hits you.
* * * LOW HITPOINT WARNING * * *
Natasha barely misses you.
You hit Natasha.
Natasha is almost dead.
The crimson imp blinks!
Natasha zaps a wand.
The puff of flame hits you!
You die...

..## #.|...##....#### #..#
##...#.(..#### #..#
#.....##..### ## #..##
#...........# ##.
#####5..###......####.# #..
...#....÷..........#####.###.#
.............................#
...#..........§...)###...#####
.............@h>...# ##..## #
..........#####.#### #...####
...######## #.# ##...... ..
#.. ####...# . ..## #....... #
....###.... #. #.... #....
###.#


You could see Natasha and a crimson imp (summoned).

Vanquished Creatures
  Natasha (D:3)
  3 adders
  4 ball pythons
  2 bats
  2 endoplasms
  A giant cockroach (D:2)
  5 goblins
  5 hobgoblins
  4 jackals (D:1)
  2 quokkas
  4 frilled lizards
  A kobold (D:3)
34 creatures vanquished.

Vanquished Creatures (collateral kills)
  A bat (D:2)
1 creature vanquished.

Grand Total: 35 creatures vanquished

Notes
Turn   | Place    | Note
-------+----------+-------------------------------------------
     0 | D:1      | HotDog the Gargoyle Fighter began the quest for the Orb.
     0 | D:1      | Reached XP level 1. HP: 14/14 MP: 1/1
    88 | D:1      | Reached XP level 2. HP: 4/19 MP: 2/2
  1686 | D:2      | Reached XP level 3. HP: 23/23 MP: 3/3
  2206 | D:2      | Noticed Sigmund
  2399 | D:3      | Reached skill level 1 in Invocations
  2522 | D:3      | Reached XP level 4. HP: 28/28 MP: 4/4
  2665 | D:3      | Noticed Natasha
  2680 | D:3      | Killed Natasha
  2681 | D:3      | Reached skill level 4 in Armour
  3022 | D:3      | Noticed Natasha
  3034 | D:3      | Killed from afar by Natasha

Illustrated notes

Levels and vault maps discovered:
D:1:      mrwooster_arrival_statue_2, layout_loops_corners,
          minmay_shallow_snake_nest
D:2:      layout_basic, serial_bayou_crossing, uniq_sigmund
D:3:      layout_rooms, zin_purify, uniq_crazy_yiuf_cottage, uniq_natasha

Skill      XL: |  1  2  3  4 |
---------------+-------------+-----
Invocations    | 1 |  1.2
Armour         | 4 |  4.0
Fighting       | |  3.6
Maces & Flails | |  2.8
Dodging        | |  0.9
Shields        | |  3.7

Action                   |  1- 3 |  4- 6 || total
-------------------------+-------+-------++-------
Melee: Flail             |   161 |    32 ||   193
  Use: Scroll            |     5 |       ||     5
       Potion            |     1 |       ||     1
Armor: Scale mail        |    74 |       ||    74
       Chain mail        |    58 |    37 ||    95
Dodge: Dodged            |    91 |    14 ||   105
Block: Buckler           |    42 |     9 ||    51

Table legend: (Time is in decaauts)
 A = Elapsed time spent in this place.
 B = Non-inter-level travel time spent in this place.
 C = Inter-level travel time spent in this place.
 D = Time resting spent in this place.
 E = Time spent auto-exploring this place.
 F = Levels seen in this place.
 G = Mean time per level.
                   A        B        C        D        E       F      G
               +--------+--------+--------+--------+--------+-----+--------+
         Total |   3105 |   2952 |    153 |    339 |   2133 |   3 | 1035.0 |
       Dungeon |   3105 |   2952 |    153 |    339 |   2133 |   3 | 1035.0 |
               +--------+--------+--------+--------+--------+-----+--------+

Top non-repeatable levels by time:
     D:1: 1645 daAuts
     D:3: 838 daAuts
     D:2: 622 daAuts
